 Dungeon Crawl Stone Soup version 0.29.1-12-g30fa7ad0bf (webtiles) character file.

Game seed: 11289595272482964480

2202 KittyFluff the Protected (level 9, 0/54 HPs)
             Began as a Gargoyle Fighter on Dec 29, 2022.
             Was a Believer of Trog.
             Hit by a javelin thrown by a centaur (6 damage)
             ... in a bailey.
             The game lasted 00:35:23 (7907 turns).

KittyFluff the Protected (Gargoyle Fighter)         Turns: 7907, Time: 00:35:23

Health: 0/54       AC: 18    Str: 25    XL:     9   Next: 34%
Magic:  9/9        EV: 15    Int:  9    God:    Trog [**....]
Gold:   141        SH:  5    Dex: 11    Spells: 8/8 levels left

rFire   . . .      SeeInvis .   m - +0 sling
rCold   . . .      Faith    .   c - +0 buckler
rNeg    + . .      Spirit   .   N - +1 ring mail {rPois}
rPois   ∞          Reflect  .   (no helmet)
rElec   +          Harm     .   (no cloak)
rCorr   +          Rampage  .   D - +1 pair of gloves {Str+3}
Will    ++...                   l - +0 pair of boots
Stlth   +.........              E - amulet of the acrobat
HPRegen 1.18/turn               x - +4 ring of evasion
MPRegen 0.11/turn               A - ring of resist corrosion

@: strong-willed (expiring), regenerating (expiring)
A: sickness immunity, AC +6, negative energy resistance 1, electricity
resistance, torment resistance 1, petrification resistance
a: Renounce Religion, Berserk, Trog's Hand


You were in a bailey.
You worshipped Trog.
Trog was pleased with you.
You visited 1 branch of the dungeon, and saw 8 of its levels.
You also visited: Bailey.

You collected 332 gold pieces.
You spent 191 gold pieces at shops.

Inventory:

Hand Weapons
 a - a +0 flail
 m - a +0 sling (weapon)
 J - a +0 morningstar
Missiles
 s - 9 boomerangs
 t - 12 poisoned darts
 C - a throwing net
 G - 27 stones
 P - 2 silver javelins
Armour
 b - a +0 scale mail
 c - a +0 buckler (worn)
 l - a +0 pair of boots (worn)
 v - the +1 robe of Light {rF+ rN++ Str+3 Dex-5}
   (You found it on level 3 of the Dungeon)

   Str:       It affects your strength (+3).
   Dex:       It affects your dexterity (-5).
   rF:        It protects you from fire.
   rN:        It greatly protects you from negative energy.
 D - a +1 pair of gloves of strength (worn)
 M - +0 steam dragon scales
 N - a +1 ring mail of poison resistance (worn)
Jewellery
 x - a +4 ring of evasion (left hand)
 A - a ring of resist corrosion (right hand)
 E - an amulet of the acrobat (around neck)
 L - a ring of flight
Wands
 B - a wand of flame (12)
 H - a wand of iceblast (6)
 I - a wand of paralysis (8)
Scrolls
 g - 2 scrolls of teleportation {unknown}
 j - 2 scrolls of poison {unknown}
 n - a scroll of fog {unknown}
 p - 3 scrolls of enchant weapon {unknown}
 q - 3 scrolls of silence {unknown}
 r - 3 scrolls of fear
 u - a scroll of blinking {unknown}
 y - a scroll of summoning {unknown}
 z - 2 scrolls of magic mapping {unknown}
Potions
 d - a potion of might
 e - 3 potions of attraction
 f - a potion of berserk rage
 h - 3 potions of magic
 i - 2 potions of curing
 k - 3 potions of lignification {unknown}
 o - 2 potions of mutation {unknown}
 w - 3 potions of heal wounds {unknown}
 F - a potion of degeneration {unknown}
 K - a potion of invisibility {unknown}
 O - a potion of flight {unknown}


   Skills:
 + Level 5.5 Fighting
 + Level 7.1 Maces & Flails
 + Level 1.2 Throwing
 * Level 8.6 Armour
 + Level 2.7 Dodging
 + Level 0.6 Stealth
 + Level 5.1 Shields


You had 8 spell levels left.
You didn't know any spells.
Your spell library was empty.

Dungeon Overview and Level Annotations

Branches:
Dungeon (8/15)             Temple (0/1) D:7          Bailey (1/1)
   Lair: D:8-11

Altars:
Fedhas
Makhleb
Ru
Trog
Zin

Shops:
D:4 [*==   D:5 *

Annotations:
D:2 Terence


Innate Abilities, Weirdness & Mutations

You are immune to sickness and miasma.
Your stone body is resilient. (AC +6)
You are immune to poison.
You resist negative energy. (rN+)
You are resistant to electric shocks. (rElec)
You are resistant to unholy torment.
You are immune to petrification.


Message History

The centaur throws a javelin.
The javelin pierces through you.
* * * LOW HITPOINT WARNING * * *
Fire: m) +0 sling
Press: ? - help, Q - select action, (/) - cycle Shift-Dir - straight line, f/p - centaur
Aim: a centaur, wielding a +0 spear, wearing a +0 chain mail and quivering javelins (severely wounded, 75% to hit)
You shoot a sling bullet.
The sling bullet barely misses the centaur.
The centaur throws a javelin.
The javelin pierces through you but does no damage.
The centaur throws a javelin.
The javelin barely misses you.
Fire: m) +0 sling
Press: ? - help, Q - select action, (/) - cycle Shift-Dir - straight line, f/p - centaur
Aim: a centaur, wielding a +0 spear, wearing a +0 chain mail and quivering javelins (severely wounded, 75% to hit)
You shoot a sling bullet.
The sling bullet hits the centaur but does no damage.
The centaur is severely wounded.
You feel the effects of Trog's Hand fading.
The centaur throws a javelin.
The javelin pierces through you but does no damage.
The centaur throws a javelin.
The javelin pierces through you but does no damage.
Fire: m) +0 sling
Press: ? - help, Q - select action, (/) - cycle Shift-Dir - straight line, f/p - centaur
Aim: a centaur, wielding a +0 spear, wearing a +0 chain mail and quivering javelins (severely wounded, 75% to hit)
You shoot a sling bullet. The sling bullet hits the centaur.
The centaur is almost dead.
The centaur throws a javelin.
The javelin pierces through you.
* * * LOW HITPOINT WARNING * * *
You feel better.
The centaur throws a javelin.
The javelin closely misses you.
The centaur throws a javelin.
The javelin pierces through you but does no damage.
Fire: m) +0 sling
Press: ? - help, Q - select action, (/) - cycle Shift-Dir - straight line, f/p - centaur
Aim: a centaur, wielding a +0 spear, wearing a +0 chain mail and quivering javelins (almost dead, 75% to hit)
You shoot a sling bullet.
The sling bullet barely misses the centaur.
The centaur throws a javelin.
The javelin pierces through you!
* * * LOW HITPOINT WARNING * * *
The centaur throws a javelin.
The javelin pierces through you.
You die...

.o≈≈..≈.≈..≈≈oc
o≈≈.≈≈≈.≈≈≈.≈≈o
o≈.≈≈..oo.≈≈.≈o
≈≈.≈.≈≈≈≈≈.≈.≈≈
≈.≈≈.≈...≈.≈≈.≈
≈.≈.≈≈...≈≈.≈.≈
≈.≈.≈.⌠∩⌠.≈.≈.≈
≈.≈.≈..@..≈.≈.≈
≈.≈.≈.⌠∩⌠.≈.≈.≈
≈.≈.≈≈...≈≈.≈.≈
≈.≈≈.≈...≈.≈≈.≈
≈≈.≈.≈≈.≈≈.≈o≈≈
.≈.≈≈.≈.≈.≈≈c≈.
....≈≈...≈≈....
.....≈≈≈≈≈.....


You could see 2 centaurs and 9 orcs.

Vanquished Creatures
  Prince Ribbit (D:5)
  A wyvern (D:7)
  2 steam dragons (D:7)
  An ice beast (D:6)
  An orc warrior (D:7)
  2 ogres
  A phantom (D:6)
  A kobold brigand (D:6)
  2 bullfrogs (D:7)
  2 necrophages
  2 scorpions (D:5)
  A howler monkey (D:6)
  2 hounds
  2 jellies
  2 orc priests
  A gnoll bouda (D:6)
  4 orc wizards
  Natasha (D:3)
  2 iguanas
  13 gnolls
  8 adders
  2 white imps
  5 worms
  A dart slug (D:4)
  16 orcs
  6 ball pythons
  7 bats
  6 endoplasms
  6 giant cockroaches
  7 goblins
  13 hobgoblins
  3 jackals (D:2)
  A quokka (D:3)
  4 frilled lizards (D:1)
  7 kobolds
  6 rats
  2 bushes (D:1)
  A toadstool (D:1)
145 creatures vanquished.

Vanquished Creatures (others)
  An orc wizard (D:6)
  2 orcs (D:7)
  6 plants (D:1)
  3 toadstools (D:1)
12 creatures vanquished.

Grand Total: 157 creatures vanquished

Notes
Turn   | Place    | Note
-------+----------+-------------------------------------------
     0 | D:1      | KittyFluff the Gargoyle Fighter began the quest for the
                  | Orb.
     0 | D:1      | Reached XP level 1. HP: 14/14 MP: 1/1
   330 | D:1      | Reached XP level 2. HP: 18/19 MP: 2/2
   898 | D:2      | Reached XP level 3. HP: 15/23 MP: 3/3
  1215 | D:2      | Reached skill level 4 in Armour
  1219 | D:2      | Noticed Terence
  1220 | D:2      | Reached XP level 4. HP: 7/28 MP: 4/4
  2258 | D:3      | Reached XP level 5. HP: 33/33 MP: 5/5
  2292 | D:3      | Found a bloodstained altar of Trog.
  2308 | D:3      | Became a worshipper of Trog the Wrathful
  2312 | D:3      | Found a sacrificial altar of Ru.
  2312 | D:3      | Found a burning altar of Makhleb.
  2383 | D:3      | Identified the +1 robe of Light {rF+ rN++ Str+3 Dex-5}
  2585 | D:3      | Noticed Natasha
  2591 | D:3      | Killed Natasha
  2729 | D:3      | Reached * piety under Trog
  2777 | D:3      | Reached skill level 5 in Armour
  3245 | D:4      | Noticed an ogre
  3289 | D:4      | Killed an ogre
  3290 | D:4      | Reached XP level 6. HP: 38/38 MP: 6/6
  3588 | D:4      | Found Ibecwerph's Armour Shoppe.
  3620 | D:4      | Found Peuhicrel's General Store.
  3642 | D:4      | Found a blossoming altar of Fedhas.
  3807 | D:4      | Found Zejiq's Jewellery Shop.
  3885 | D:4      | Found Piucvomn's Jewellery Shoppe.
  3966 | D:4      | Bought a +1 pair of gloves of strength for 165 gold pieces
  3993 | D:4      | Bought a scroll of identify for 26 gold pieces
  4002 | D:5      | Entered Level 5 of the Dungeon
  4128 | D:5      | Reached skill level 1 in Dodging
  4150 | D:5      | Reached XP level 7. HP: 16/43 MP: 7/7
  4474 | D:5      | Reached skill level 5 in Maces & Flails
  4474 | D:5      | Reached skill level 6 in Armour
  4775 | D:5      | Found Otoeror's Overcharged Wands.
  4775 | D:5      | Noticed Prince Ribbit
  4831 | D:5      | Killed Prince Ribbit
  5697 | D:6      | Reached XP level 8. HP: 46/48 MP: 8/8
  5805 | D:6      | Reached skill level 7 in Armour
  6024 | D:6      | Reached ** piety under Trog
  6141 | D:6      | Reached skill level 5 in Fighting
  6693 | D:7      | Found a glowing silver altar of Zin.
  6712 | D:7      | Reached skill level 1 in Throwing
  6924 | D:7      | Noticed a wyvern
  6944 | D:7      | Killed a wyvern
  6945 | D:7      | Reached skill level 8 in Armour
  6945 | D:7      | Reached XP level 9. HP: 42/54 MP: 9/9
  7589 | D:7      | Found a staircase to the Ecumenical Temple.
  7720 | D:8      | Reached skill level 5 in Shields
  7816 | D:8      | Found a flagged portal.
  7871 | Bailey   | Entered a bailey
  7907 | Bailey   | Hit by a javelin thrown by a centaur

Illustrated notes

Levels and vault maps discovered:
D:1:      ldierk_water_garden, layout_basic,
          dreamdust_ecumenical_altar_sealed_demon, serial_forest,
          infiniplex_forest_clump_medium, infiniplex_forest_clump_long,
          infiniplex_forest_straight_3, infiniplex_forest_end_3,
          infiniplex_forest_straight_2, infiniplex_forest_corner_2,
          infiniplex_forest_lined_2
D:2:      layout_loops_ring, uniq_terence
D:3:      layout_rooms, minitemple, minmay_quadrilaterals, uniq_natasha
D:4:      layout_loops_cross, amcnicky_altar_gilded, serial_co_window_serial,
          co_window_paths_a, co_window_of_opportunity_a, co_window_corner_a,
          co_window_paths_a, co_window_paths_a, co_window_broadway_a,
          co_window_cross_3, co_window_of_opportunity_c, co_window_2corner,
          co_window_corner_ca, co_window_paths_d, glass_columns_c,
          glass_columns_a, glass_columns_a, glass_columns_c, serial_shops,
          nicolae_shop_behind_doors, nicolae_square_shop, kennysheep_little_box,
          shop_fountains
D:5:      layout_layer_cave, nicolae_shop_overcharged_wands, uniq_prince_ribbit1
D:6:      layout_basic, eino_tiny_chamber
D:7:      layout_gridville, zin_statuary, minmay_temple_entry_enclosed_plants
D:8:      layout_rooms, lemuel_coloured_pillars_altar, enter_bailey_4,
          uniq_gastronok
Bailey:   bailey_polearm_flooded_kennysheep, bailey

Skill      XL: |  1  2  3  4  5  6  7  8  9 |
---------------+----------------------------+-----
Armour         | 4 5 6 8 |  8.6
Maces & Flails | 3 4 5 6 7 |  7.1
Fighting       | 4 5 |  5.5
Dodging        | 1 2 |  2.7
Shields        | 4 5 |  5.1
Throwing       | 1 |  1.2
Stealth        | |  0.6

Action                   |  1- 3 |  4- 6 |  7- 9 || total
-------------------------+-------+-------+-------++-------
Melee: Flail             |   306 |   210 |   347 ||   863
 Fire: Sling             |       |       |    33 ||    33
Throw: Stone             |       |     2 |    22 ||    24
Invok: Berserk           |       |       |     2 ||     2
       Trog's Hand       |       |       |     1 ||     1
  Use: Scroll            |       |     3 |     2 ||     5
       Potion            |       |     1 |     1 ||     2
Armor: Scale mail        |    79 |   108 |   108 ||   295
       Ring mail         |       |       |    57 ||    57
Dodge: Dodged            |    63 |   120 |   269 ||   452
Block: Buckler           |    25 |    48 |    85 ||   158
